 Dungeon Crawl Stone Soup version 0.19.3-1-g3169bf9 (webtiles) character file.

1066 Clownie the Cleaver (level 8, -3/56 HPs)
             Began as a Formicid Gladiator on Jan 25, 2017.
             Slain by a killer bee (5 damage)
             ... on level 4 of the Dungeon.
             The game lasted 00:08:03 (5687 turns).

Clownie the Cleaver (Formicid Gladiator)            Turns: 5687, Time: 00:08:04

Health: -3/56      AC: 12    Str: 29    XL:     8   Next: 53%
Magic:  17/17      EV:  9    Int:  8    God:
Gold:   215        SH:  6    Dex: 11    Spells: 0 memorised, 7 levels left

rFire  . . .     SeeInvis +     a - +1 war axe
rCold  . . .     Gourm    .     e - +3 chain mail {rPois}
rNeg   . . .     Faith    .     u - +2 buckler "Tiunnin" {MP+9 Str+7}
rPois  +         Spirit   .     (helmet unavailable)
rElec  .         Reflect  .     (no cloak)
rCorr  .         Harm     .     (no gloves)
MR     .....                    (no boots)
Stlth  ..........               (no amulet)
                                (no ring)
                                (no ring)

@: lethally poisoned (-3 -> -3)
A: permanent stasis, dig shafts and tunnels, four strong arms, antennae 3
a: Dig, Shaft Self


You were on level 4 of the Dungeon.
You were not hungry.

You visited 1 branch of the dungeon, and saw 5 of its levels.

You collected 215 gold pieces.

Inventory:

Hand Weapons
 a - a +1 war axe (weapon)
 b - a +0 dire flail of protection
Armour
 e - a +3 chain mail of poison resistance (worn)
 u - the +2 buckler "Tiunnin" (worn) {MP+9 Str+7}
   (You found it on level 4 of the Dungeon)

   It affects your strength (+7).
   It affects your magic capacity (+9).
Wands
 f - a wand of teleportation (0/9)
Scrolls
 g - 2 scrolls of immolation
 j - a scroll of amnesia
 k - a scroll of enchant armour
 l - a scroll of recharging
 p - a scroll of remove curse
 q - a scroll of identify
 s - a scroll of blinking {unknown}
 x - a scroll of enchant weapon
Potions
 o - a potion of haste
 r - a potion of flight
Books
 w - a book of Minor Magic

   Spells                             Type                      Level
   a - Magic Dart                     Conjuration                  1
   b - Blink                          Translocation                2
   c - Call Imp                       Summoning                    2
   d - Repel Missiles                 Charms/Air                   2
   e - Slow                           Hexes                        2
   f - Conjure Flame                  Conjuration/Fire             3
   g - Mephitic Cloud                 Conjuration/Poison/Air       3
Comestibles
 d - 2 bread rations
 h - a meat ration
 i - a beef jerky
 n - 2 slices of pizza


   Skills:
 - Level 2.1 Fighting
 * Level 8.8 Axes
 - Level 2.0 Throwing
 + Level 3.7 Armour
 - Level 2.6 Dodging
 + Level 3.2 Shields


You had 7 spell levels left.
You didn't know any spells.

Dungeon Overview and Level Annotations

Branches:
Dungeon (5/15)
 Temple: D:4-7

Altars:
Qazlal

Annotations:
D:4 Prince Ribbit


Innate Abilities, Weirdness & Mutations

You are under a permanent stasis effect.
You can dig through walls and to a lower floor.
Your four strong arms can wield two-handed weapons with a shield.
You have a pair of large antennae on your head. (SInv)


Message History

The killer bee is moderately wounded.
You miss Prince Ribbit. The killer bee barely misses you.
Prince Ribbit hits you but does no damage.
You block the killer bee's attack.
Prince Ribbit blinks!
You barely miss the killer bee.
The killer bee is moderately wounded.
The killer bee stings you but does no damage. x2
The killer bee barely misses you.
You miss the killer bee.
The killer bee is moderately wounded.
You feel sick. The killer bee stings you.
* * * LOW HITPOINT WARNING * * *
Prince Ribbit croaks regally.
The killer bee stings you but does no damage.
You miss the killer bee.
The killer bee is moderately wounded.
You miss Prince Ribbit.
The killer bee stings you but does no damage.
The killer bee stings you.
You die...

≈≈≈≈≈≈≈≈≈≈# ##.#.#.#.#
########### #...#.#.#
.##....# ##..#.#.#
.##....########..#.#.#
.#<)...............#.#
.##....########..###.#
.###...##..........#.#
.###...##......†...#.#
................@..#.#
####...##.......Fy.#.#
#..............(#.#
####.#..........#.#
#.#..........#.#
#.#########....# #(#
###### #.#######
#.......#


You could see Prince Ribbit and a killer bee.

Vanquished Creatures
  Edmund (D:4)
  An ice beast (D:5)
  2 ogres (D:4)
  The ghost of Clownie the Chopper, an amateur FoGl (D:3)
  A centaur (D:5)
  Blork the orc (D:5)
  A killer bee (D:4)
  3 orc priests
  A hound (D:4)
  An iguana (D:4)
  An orc wizard (D:5)
  Ijyb (D:3)
  A worker ant (D:5)
  Robin (D:3)
  A gnoll (D:4)
  8 adders
  3 worms
  3 dart slugs
  5 leopard geckos
  8 orcs
  4 bats
  5 giant cockroaches
  15 goblins
  6 hobgoblins
  20 jackals
  6 kobolds
  3 quokkas
  3 frilled lizards
  A leopard gecko skeleton (D:5)
  A quokka zombie (D:5)
  7 rats
116 creatures vanquished.

Notes
Turn   | Place    | Note
-------+----------+-------------------------------------------
     0 | D:1      | Clownie the Formicid Gladiator began the quest for the Orb.
     0 | D:1      | Reached XP level 1. HP: 16/16 MP: 1/1
    87 | D:1      | Reached XP level 2. HP: 21/22 MP: 2/2
   264 | D:1      | Reached skill level 4 in Axes
   264 | D:1      | Reached XP level 3. HP: 27/27 MP: 3/3
   916 | D:2      | Reached XP level 4. HP: 11/33 MP: 4/4
  1201 | D:2      | Reached skill level 5 in Axes
  1647 | D:2      | Reached XP level 5. HP: 22/38 MP: 5/5
  2229 | D:3      | Noticed Clownie's ghost (amateur FoGl)
  2581 | D:3      | Killed Clownie's ghost
  2581 | D:3      | Reached skill level 6 in Axes
  2581 | D:3      | Reached XP level 6. HP: 22/44 MP: 6/6
  3053 | D:3      | Noticed Robin
  3100 | D:3      | Killed Robin
  3100 | D:3      | Reached skill level 7 in Axes
  3227 | D:3      | Noticed Ijyb
  3239 | D:3      | Killed Ijyb
  3324 | D:4      | Noticed an ogre
  3332 | D:4      | Killed an ogre
  3332 | D:4      | Reached skill level 1 in Armour
  3332 | D:4      | Reached XP level 7. HP: 50/50 MP: 7/7
  3702 | D:4      | Got a slimy buckler
  3708 | D:4      | Identified the +2 buckler "Tiunnin" {MP+9 Str+7} (You found it on level 4 of the Dungeon)
  3829 | D:4      | Reached skill level 1 in Shields
  4114 | D:5      | Entered Level 5 of the Dungeon
  4114 | D:5      | Noticed Edmund
  4114 | D:5      | Noticed Prince Ribbit
  4239 | D:4      | Killed Edmund
  4239 | D:4      | Reached skill level 8 in Axes
  4239 | D:4      | Reached XP level 8. HP: 56/56 MP: 8/8
  4681 | D:5      | Noticed Blork the orc
  4776 | D:5      | Killed Blork the orc
  5314 | D:5      | Found a stormy altar of Qazlal.
  5686 | D:4      | HP: 2/56 [killer bee (2)]
  5687 | D:4      | Slain by a killer bee

Skill      XL: |  1  2  3  4  5  6  7  8 |
---------------+-------------------------+-----
Axes           | 4 5 6 7 8 |  8.8
Armour         | 1 2 3 |  3.7
Shields        | 2 3 |  3.2
Fighting       | |  2.1
Throwing       | |  2.0
Dodging        | |  2.6

Action                   |  1- 3 |  4- 6 |  7- 9 || total
-------------------------+-------+-------+-------++-------
Melee: War axe           |    87 |   207 |   163 ||   457
Throw: Throwing net      |       |     1 |     5 ||     6
 Abil: Dig               |       |       |     7 ||     7
  Use: Potion            |       |     2 |     6 ||     8
       Scroll            |       |     1 |     5 ||     6
 Stab: Held in net/web   |       |     1 |       ||     1
       Invisible         |       |       |     1 ||     1
  Eat: Chunk             |       |     8 |     5 ||    13
       Bread ration      |       |       |     1 ||     1
Armor: Leather armour    |    36 |    24 |       ||    60
       Skin              |       |    34 |       ||    34
       Chain mail        |       |    48 |   100 ||   148
Dodge: Dodged            |   109 |   126 |    86 ||   321
Block: Buckler           |       |       |    44 ||    44
